[Event "Austrian Bundesliga 2023-24"]
[Site "Austria"]
[Date "2024.03.22"]
[Round "9.11"]
[White "Mikes, Jan"]
[Black "Kruckenhauser, Arthur"]
[Result "1-0"]
[ECO "C25"]
[WhiteElo "2358"]
[BlackElo "2355"]
[Annotator "TA"]
[PlyCount "53"]
[EventDate "2023.10.21"]
[EventType "team-tourn"]
[EventCountry "AUT"]
[SourceTitle "playchess.com"]
[Source "ChessBase"]
[SourceQuality "1"]
[TimeControl "40/5400+30:1800+30"]

1. e4 e5 2. Nc3 Nc6 3. g3 Bc5 4. Bg2 a6 5. Nge2 d6 6. O-O h5 {[%emt 0:13:22] And now ...h4 would win.} 7. h3 Nf6 8. d3 {[%emt 0:04:25][%cal Bd2d3,Bd3d4][%mdl 32] The position is equal.} Be6 9. Nd5 Qd7 10. Kh2 O-O-O 11. Bg5 Bxd5 12. exd5 Ne7 13. d4 $36 {[%emt 0:03:37][%mdl 2048] White fights for an advantage.} Bb6 14. c4 Qf5 15. Be3 Qh7 {[%emt 0:02:32] [#]} 16. Rc1 $1 Nf5 {[%emt 0:07:58] [#]} (16... exd4 $16 {was called for.} 17. Bxd4 (17. Nxd4 Ng4+ 18. Kg1 Nxe3 $14) 17... Qh6) 17. c5 $1 $18 exd4 $2 (17... Ng4+ 18. Kh1 (18. hxg4 hxg4+) 18... Ba7 (18... Nfxe3 19. fxe3 Nxe3 20. Qb3 $16)) 18. cxb6 (18. Bxd4 Bxc5 19. Bxf6 gxf6 $16) 18... dxe3 19. Rxc7+ (19. bxc7 Rd7 20. f4 Rxc7 $18) 19... Kb8 20. Qc2 {[%emt 0:04:38][%cal Oc7b7] Threatening mate with Rxb7+!} (20. Rxf7 Qg6 21. Rc7 Ng4+ 22. hxg4 hxg4+ 23. Kg1 Qh6 24. fxe3 Nxe3 $11) 20... Rc8 21. Rc1 Ng4+ 22. Kh1 (22. hxg4 $142 hxg4+ 23. Kg1 exf2+ 24. Kxf2) 22... Nxf2+ (22... Nxg3+ $142 23. Nxg3 (23. fxg3 Qxc2 24. R1xc2 Nf2+ 25. Kg1 g6 $18) 23... Qxc2 24. R1xc2 Nxf2+ 25. Kg1 g6) 23. Kg1 Ne7 24. Rxc8+ Nxc8 25. Qc7+ Ka8 26. Qxc8+ Rxc8 27. Rxc8# {[%emt 0:00:04] Weighted Error Value: White=0.27 (precise) /Black=0.42.  Mistake:       	---       	Black=2      Inaccurate:     	---       	Black=3      OK:         	White=6     	Black=5      Best:        	White=2     	Black=1      Strong:       	White=2     	---} 1-0

[Event "Austrian Bundesliga 2023-24"]
[Site "Austria"]
[Date "2024.03.22"]
[Round "9.12"]
[White "Ciolek, Andreas"]
[Black "Jablonicky, Martin"]
[Result "1-0"]
[ECO "A58"]
[WhiteElo "2302"]
[BlackElo "2393"]
[Annotator "TA"]
[PlyCount "79"]
[EventDate "2023.10.21"]
[EventType "team-tourn"]
[EventCountry "AUT"]
[SourceTitle "playchess.com"]
[Source "ChessBase"]
[SourceQuality "1"]
[TimeControl "40/5400+30:1800+30"]

1. d4 Nf6 2. c4 c5 3. d5 b5 4. cxb5 a6 5. bxa6 g6 6. Nc3 Bxa6 7. e4 Bxf1 8. Kxf1 d6 9. Nf3 Qc8 10. h3 Bg7 11. g3 O-O 12. Kg2 Nbd7 13. Re1 Qb7 14. a4 Rfb8 15. Ra3 Nb6 16. b3 {[%emt 0:05:18] White is better.} Ne8 17. Qd3 Nc7 18. Bd2 ({White should play} 18. h4 $16) 18... Qa6 (18... Nd7 $11) 19. Qe3 e6 20. dxe6 Nxe6 21. Nb5 {[%emt 0:12:06] Repels Nd4} d5 22. e5 Nc8 23. Bc1 Bf8 24. Ng5 {[%emt 0:06:51] [#] Black must now prevent Nxe6.} d4 (24... Rb7 $11) 25. Qf3 $16 Nxg5 26. Bxg5 {[%emt 0:00:02][%cal Oe5e6] And now e6! would win.} Rxb5 (26... Qb7 $142 27. Qxb7 Rxb7) 27. axb5 $40 {[%emt 0:04:55][%mdl 128] White goes for the king.} Qxa3 28. e6 {[%emt 0:00:25] White is much more active.} Nd6 (28... Ra7 $16 29. b6 Nxb6) 29. Qd5 $2 (29. e7 $18 c4 30. b6 (30. exf8=Q+ Rxf8 31. Be7 Rc8 $18) 30... cxb3 31. b7 (31. exf8=B Rxf8 32. Be7 Rb8 $18) (31. exf8=N b2 $18) (31. exf8=Q+ Rxf8 32. Be7 Rb8 $18)) 29... c4 $2 (29... Nxb5 30. exf7+ Kg7 31. Qe5+ Kxf7 32. Qe6+ Kg7 33. Bf6+ (33. Qd7+ Kg8 34. Qe6+ Kg7 35. Bf6+ Kh6 36. Qg4 Qxb3 37. Qh4#) 33... Kh6 34. Qg4 Qxb3 35. Qh4#) (29... Rc8 $11 30. e7 Bxe7 31. Rxe7 Qa8 32. Qxa8 Rxa8) 30. bxc4 $18 Rc8 31. e7 ({Worse is} 31. Qxd4 fxe6 (31... Rxc4 $2 {perishes.} 32. exf7+ Kxf7 33. Qf6+ Kg8 34. Qe6+ Kg7 35. Bf6+ Kh6 36. Qg8 $18) 32. Qf6 Qa7 33. Qxe6+ Qf7 $15) 31... Qa8 32. Qxa8 Rxa8 33. exf8=Q+ Rxf8 {[%emt 0:00:06][%mdl 4096] Endgame. KRB-KRN} 34. Rd1 ({Not} 34. Be7 Re8 $11) (34. Bh6 $142 Rc8 35. b6 Nxc4 36. b7) 34... Nxc4 35. Rxd4 Rc8 36. Bd8 Kf8 (36... Kg7 {was necessary.} 37. b6 Kf8) 37. b6 Na5 38. Bc7 {[%emt 0:00:32] [#] Hoping for Ra4.} Ke7 39. Ra4 Nc6 40. Bf4 {[%emt 0:00:00] Weighted Error Value: White=0.53/Black=0.65.  Loses game:     	---       	Black=2      Missed win:     	White=1     	---        Mistake:       	White=1     	Black=4      Inaccurate:     	White=2     	Black=3      OK:         	White=5     	Black=8      Best:        	White=5     	Black=1} 1-0

[Event "Austrian Bundesliga 2023-24"]
[Site "Austria"]
[Date "2024.03.22"]
[Round "9.13"]
[White "Kadric, Denis"]
[Black "Georgiadis, Nico"]
[Result "1/2-1/2"]
[ECO "C67"]
[WhiteElo "2560"]
[BlackElo "2537"]
[Annotator "TA"]
[PlyCount "29"]
[EventDate "2023.10.21"]
[EventType "team-tourn"]
[EventCountry "AUT"]
[SourceTitle "playchess.com"]
[Source "ChessBase"]
[SourceQuality "1"]
[TimeControl "40/5400+30:1800+30"]

1. e4 e5 2. Nf3 Nc6 3. Bb5 Nf6 4. O-O Nxe4 5. d4 Nd6 6. dxe5 Nxb5 7. a4 Nbd4 8. Nxd4 d5 9. exd6 Nxd4 10. Qxd4 Qxd6 11. Qe4+ Qe6 12. Qd4 Qd6 13. Qe4+ {[%emt 0:00:02] Die Stellung ist ausgeglichen.} Qe6 14. Qd4 Qd6 15. Qd1 {Hier war wenig los.   Gewichteter Fehlerwert: Weiß=0.02 (makellos) /Schwarz=0.00 (makellos) .  OK:         	Weiß=1     	Schwarz=1} 1/2-1/2

[Event "Austrian Bundesliga 2023-24"]
[Site "Austria"]
[Date "2024.03.22"]
[Round "9.14"]
[White "Koelle, Tobias"]
[Black "Erdos, Viktor"]
[Result "1/2-1/2"]
[ECO "D37"]
[WhiteElo "2460"]
[BlackElo "2552"]
[Annotator "TA"]
[PlyCount "68"]
[EventDate "2023.10.21"]
[EventType "team-tourn"]
[EventCountry "AUT"]
[SourceTitle "playchess.com"]
[Source "ChessBase"]
[SourceQuality "1"]
[TimeControl "40/5400+30:1800+30"]

1. d4 Nf6 2. c4 e6 3. Nf3 d5 4. Nc3 Nbd7 5. Bf4 dxc4 6. e3 Bd6 7. Bxd6 cxd6 8. Bxc4 Nb6 9. Bd3 Nbd5 10. Nxd5 Nxd5 {[%emt 0:00:05] White is slightly better.} 11. O-O O-O 12. Re1 Bd7 13. e4 Nf4 14. Bf1 Rc8 15. Qd2 Ng6 16. Rac1 Qb6 {[%emt 0:01:43] The position is equal.} 17. a3 h6 18. h3 Rxc1 19. Rxc1 Rc8 20. Rxc8+ Bxc8 21. Qc3 Bd7 22. g3 Ne7 23. h4 Qc6 24. Qxc6 Nxc6 $11 {[%emt 0:00:22][%mdl 4096] Endgame. KBN-KBN} 25. Bb5 Kf8 26. Kf1 Ne5 27. Be2 Nxf3 28. Bxf3 {[%emt 0:00:06] KB-KB} Bb5+ 29. Ke1 e5 30. Kd2 exd4 31. Be2 Bc6 32. Kd3 Bb5+ 33. Kd2 Bc6 34. Kd3 Bb5+ {An uneventful encounter.   Weighted Error Value: White=0.04 (flawless) /Black=0.01 (flawless) .  Inaccurate:     	White=2     	---        OK:         	White=11    	Black=21     Best:        	White=1     	---} 1/2-1/2

[Event "Austrian Bundesliga 2023-24"]
[Site "Austria"]
[Date "2024.03.22"]
[Round "9.15"]
[White "Ivanisevic, Ivan"]
[Black "Deuer, Marius"]
[Result "1/2-1/2"]
[ECO "E22"]
[WhiteElo "2523"]
[BlackElo "2430"]
[Annotator "TA"]
[PlyCount "60"]
[EventDate "2023.10.21"]
[EventType "team-tourn"]
[EventCountry "AUT"]
[SourceTitle "playchess.com"]
[Source "ChessBase"]
[SourceQuality "1"]
[TimeControl "40/5400+30:1800+30"]

1. d4 Nf6 2. c4 e6 3. Nc3 Bb4 4. Qb3 c5 5. Nf3 b6 6. Bg5 Bb7 7. e3 h6 8. Bh4 O-O 9. a3 Bxc3+ 10. Qxc3 cxd4 11. Nxd4 Na6 (11... Nc6 $11) 12. f3 d5 $1 13. cxd5 (13. b4 $5) 13... Qxd5 14. Bc4 Qe5 15. Nb5 Qxc3+ 16. Nxc3 Rac8 17. Bxa6 Bxa6 18. Bxf6 gxf6 19. O-O-O Rfd8 {[%emt 0:02:44] Wards off Rd7} 20. Rxd8+ Rxd8 21. Rd1 {[%emt 0:00:10] The position is equal.} Rxd1+ 22. Kxd1 $11 {[%emt 0:00:07][%mdl 4096] Endgame. KB-KN} f5 23. Kd2 Kf8 24. b4 Bc4 25. Ke1 Ke7 26. Kf2 Kf6 27. f4 Ke7 28. h3 Kf6 29. g4 Kg6 30. Kg3 fxg4 {[%emt 0:01:25] Weighted Error Value: White=0.05 (flawless) /Black=0.04 (flawless) .  Mistake:       	---       	Black=1      Inaccurate:     	White=1     	---        OK:         	White=6     	Black=11     Strong:       	---       	Black=1} 1/2-1/2

[Event "Austrian Bundesliga 2023-24"]
[Site "Austria"]
[Date "2024.03.22"]
[Round "9.16"]
[White "Kvetny, Mark"]
[Black "Perunovic, Milos"]
[Result "1/2-1/2"]
[ECO "E49"]
[WhiteElo "2407"]
[BlackElo "2535"]
[Annotator "TA"]
[PlyCount "61"]
[EventDate "2023.10.21"]
[EventType "team-tourn"]
[EventCountry "AUT"]
[SourceTitle "playchess.com"]
[Source "ChessBase"]
[SourceQuality "1"]
[TimeControl "40/5400+30:1800+30"]

1. d4 Nf6 2. c4 e6 3. Nc3 Bb4 4. e3 O-O 5. Bd3 d5 6. a3 Bxc3+ 7. bxc3 dxc4 8. Bxc4 c5 9. Ne2 Qc7 10. Ba2 b6 11. O-O Ba6 12. Bb2 Nbd7 13. Rc1 Rad8 (13... Ng4 $5 14. Nf4 Bxf1 15. Qxg4 Bb5 $14) 14. Re1 Bb7 15. Ng3 {[%emt 0:04:50] White is slightly better.} Ne4 16. Bb1 Ndf6 17. Nf1 Nd6 18. c4 cxd4 $1 19. exd4 ({White should play} 19. Qe2 $11) 19... Nxc4 $15 20. d5 {[%emt 0:01:40] Inhibits Qc6.} Nxb2 {[%emt 0:02:52] A dynamic duo of knights.} (20... Bxd5 $2 {is the wrong capture.} 21. Bxf6 Qf4 (21... gxf6 $2 {too greedy.} 22. Qg4+ Kh8 23. Qh4 $18) 22. Bxd8 Rxd8 23. g3 $18) (20... Nxd5 $2 21. Qd4 f5 22. Rxc4 $18) ({Better is} 20... Rxd5 $17 21. Qe2 Rc8 22. Bxf6 gxf6) 21. Rxc7 $11 Nxd1 22. dxe6 {[%emt 0:00:22] [#]} fxe6 23. Rxb7 Nc3 {[%emt 0:02:23] Wards off Ba2} (23... Rf7 $5 24. Rxf7 Kxf7 $16) 24. Rxa7 Ra8 25. Rb7 Nxb1 26. Rxb1 {[%emt 0:00:06] The position is equal.} Nd5 27. Ra1 Ra4 28. Ne3 Rf7 29. Rb8+ Rf8 30. Rb7 Rf7 31. Rb8+ {[%emt 0:00:05] Weighted Error Value: White=0.21 (precise) /Black=0.19 (very precise) .  Mistake:       	White=2     	Black=1      Inaccurate:     	White=3     	Black=4      OK:         	White=8     	Black=5      Best:        	White=2     	Black=1      Strong:       	---       	Black=1} 1/2-1/2

[Event "Austrian Bundesliga 2023-24"]
[Site "Austria"]
[Date "2024.03.22"]
[Round "9.17"]
[White "Ftacnik, Lubomir"]
[Black "Richter, Nils"]
[Result "1/2-1/2"]
[ECO "A17"]
[WhiteElo "2453"]
[BlackElo "2400"]
[Annotator "TA"]
[PlyCount "60"]
[EventDate "2023.10.21"]
[EventType "team-tourn"]
[EventCountry "AUT"]
[SourceTitle "playchess.com"]
[Source "ChessBase"]
[SourceQuality "1"]
[TimeControl "40/5400+30:1800+30"]

1. Nf3 Nf6 2. c4 e6 3. Nc3 Bb4 4. g3 O-O 5. Bg2 d5 6. a3 Be7 7. d4 dxc4 8. Qa4 a6 {[%emt 0:05:57] Black wants to play ...b5.} 9. Qxc4 b5 10. Qd3 Bb7 11. O-O c5 12. Rd1 Nbd7 13. Be3 Qc7 14. Rac1 Rac8 15. dxc5 Nxc5 16. Qb1 Qb8 17. b4 Nce4 (17... Ncd7 {is interesting.} 18. Ng5 Bxg2 19. Kxg2 Ne5) 18. Bd4 Qa8 19. Qa1 Nd6 20. Bc5 Nf5 21. Bxe7 Nxe7 22. a4 Ned5 23. axb5 axb5 24. Nxb5 {[%emt 0:02:54] Threatening Qxa8.} Rxc1 25. Rxc1 Nxb4 26. Nd6 Bxf3 27. Bxf3 Qxa1 28. Rxa1 Nbd5 29. Bxd5 Nxd5 30. Ra7 Nf6 {[%emt 0:01:23] A rather calm draw.   Weighted Error Value: White=0.06 (flawless) /Black=0.03 (flawless) .  OK:         	White=7     	Black=9      Best:        	---       	Black=2} 1/2-1/2

[Event "Austrian Bundesliga 2023-24"]
[Site "Austria"]
[Date "2024.03.22"]
[Round "9.18"]
[White "Neyman, Igor"]
[Black "Sipos, Istvan"]
[Result "1/2-1/2"]
[ECO "D38"]
[WhiteElo "2302"]
[BlackElo "2457"]
[Annotator "TA"]
[PlyCount "45"]
[EventDate "2023.10.21"]
[EventType "team-tourn"]
[EventCountry "AUT"]
[SourceTitle "playchess.com"]
[Source "ChessBase"]
[SourceQuality "1"]
[TimeControl "40/5400+30:1800+30"]

1. d4 Nf6 2. c4 e6 3. Nf3 d5 4. Nc3 Bb4 5. cxd5 exd5 6. Bg5 Qd6 7. Bxf6 Qxf6 8. Qb3 c5 9. dxc5 Bxc3+ 10. Qxc3 {[%emt 0:01:45] White has an edge.} Qxc3+ 11. bxc3 O-O 12. e3 Nd7 13. Nd4 Nxc5 {[%emt 0:00:06] The position is equal.} 14. f3 Bd7 15. Kd2 Rac8 16. Be2 Rc7 17. Rhc1 Rfc8 18. Rab1 Na4 19. Rb3 Nc5 20. Rbb1 Na4 21. Rb3 Nc5 22. Rbb1 Na4 23. Rb3 {Not much happened in this game.   Weighted Error Value: White=0.07 (flawless) /Black=0.07 (flawless) .  Inaccurate:     	White=1     	---        OK:         	White=5     	Black=5} 1/2-1/2

[Event "Austrian Bundesliga 2023-24"]
[Site "Austria"]
[Date "2024.03.22"]
[Round "9.19"]
[White "Michalik, Peter"]
[Black "Janzelj, Tim"]
[Result "1-0"]
[ECO "B42"]
[WhiteElo "2562"]
[BlackElo "2403"]
[Annotator "TA"]
[PlyCount "51"]
[EventDate "2023.10.21"]
[EventType "team-tourn"]
[EventCountry "AUT"]
[SourceTitle "playchess.com"]
[Source "ChessBase"]
[SourceQuality "1"]
[TimeControl "40/5400+30:1800+30"]

1. e4 c5 2. Nf3 e6 3. d4 cxd4 4. Nxd4 a6 5. Bd3 Bc5 6. Nb3 Ba7 7. Qe2 Ne7 8. Be3 O-O 9. N1d2 Nbc6 {[%emt 0:00:55] The position is equal.} 10. c3 d5 11. Bxa7 Rxa7 12. e5 Ng6 13. Bxg6 fxg6 14. O-O b6 15. Nf3 a5 16. Qe3 Ba6 17. Rfe1 Raf7 $2 {[%emt 0:01:35] [#] Black cannot hold the game after this.} ({Better is} 17... Ne7 $14) 18. Ng5 $1 $18 d4 $2 (18... Bc8 19. Nxf7 Rxf7) 19. Qg3 (19. cxd4 Rxf2 20. d5 (20. Nxe6 $2 {loses.} Qd5 $19) 20... Nb4 $19 (20... Qxd5 21. Qh3 $17) (20... exd5 $2 21. Ne6 $18)) 19... Rxf2 {[%emt 0:14:22] Threatens to win with ...Qe7.} 20. Nxe6 Qd5 21. Nxf8 {[%emt 0:00:35] Excellent horsemanship.} Rxb2 {[%emt 0:00:09] [#]} (21... Rxf8 22. Nxd4 Nxd4 23. cxd4 Qxd4+ 24. Kh1 Qxb2) 22. c4 $1 {[%emt 0:09:21] White is clearly winning.} Bxc4 {[%emt 0:02:24] [#]} (22... Qd8 23. Ne6) 23. e6 $1 Qd8 {[%emt 0:35:10] [#]} (23... Ne7 24. Nd7) 24. e7 $1 Nxe7 25. Ne6 Qa8 26. Nbxd4 {[%emt 0:00:26] Weighted Error Value: White=0.17 (very precise) /Black=0.65.  Loses game:     	---       	Black=1      Mistake:       	---       	Black=2      Inaccurate:     	White=2     	Black=1      OK:         	White=7     	Black=2      Best:        	White=1     	---        Strong:       	White=1     	---} 1-0

[Event "Austrian Bundesliga 2023-24"]
[Site "Austria"]
[Date "2024.03.22"]
[Round "9.20"]
[White "Pajeken, Jakob Leon"]
[Black "Vogel, Roven"]
[Result "1/2-1/2"]
[ECO "B90"]
[WhiteElo "2424"]
[BlackElo "2521"]
[Annotator "TA"]
[PlyCount "47"]
[EventDate "2023.10.21"]
[EventType "team-tourn"]
[EventCountry "AUT"]
[SourceTitle "playchess.com"]
[Source "ChessBase"]
[SourceQuality "1"]
[TimeControl "40/5400+30:1800+30"]

1. e4 c5 2. Nf3 d6 3. d4 cxd4 4. Nxd4 Nf6 5. Nc3 a6 6. Be3 e5 7. Nf3 Be7 8. Bc4 O-O 9. O-O Nc6 {[%emt 0:00:08] Die Stellung ist ausgeglichen.} 10. Re1 Be6 11. Nd5 Bxd5 12. exd5 b5 13. Bf1 Nb4 14. c4 bxc4 15. Bxc4 Qc7 16. Rc1 {[%emt 0:00:07] [#] Und a3 würde nun gewinnen.} Qb7 17. Qb3 {[%emt 0:00:31] a3 ist eine echte Drohung.} Rab8 18. Red1 Qd7 19. Qc3 Qb7 $1 20. Qd2 Ne4 $1 21. Qe2 {[%emt 0:00:10] [#] Droht stark a3.} Nf6 22. Qd2 Ne4 $1 23. Qe2 {[%emt 0:00:07] a3 wäre nun fies.} Nf6 24. Qd2 {Ein ziemlich ruhiges Remis.   Gewichteter Fehlerwert: Weiß=0.02 (makellos) /Schwarz=0.01 (makellos) .  OK:         	Weiß=8     	Schwarz=6     Bester:       	Weiß=1     	Schwarz=4     Stark:        	---       	Schwarz=3} 1/2-1/2

[Event "Austrian Bundesliga 2023-24"]
[Site "Austria"]
[Date "2024.03.22"]
[Round "9.21"]
[White "Votava, Jan"]
[Black "Sebenik, Matej"]
[Result "1-0"]
[ECO "E67"]
[WhiteElo "2441"]
[BlackElo "2522"]
[Annotator "TA"]
[PlyCount "115"]
[EventDate "2023.10.21"]
[EventType "team-tourn"]
[EventCountry "AUT"]
[SourceTitle "playchess.com"]
[Source "ChessBase"]
[SourceQuality "1"]
[TimeControl "40/5400+30:1800+30"]

1. d4 Nf6 2. c4 g6 3. Nf3 Bg7 4. g3 O-O 5. Bg2 d6 6. O-O Nbd7 7. Nc3 e5 8. e3 Re8 9. b3 c6 10. a4 Nf8 11. dxe5 dxe5 12. Qxd8 Rxd8 {[%emt 0:00:04] Die Stellung ist ausgeglichen.} 13. a5 (13. Nxe5 $2 Ng4 14. Ba3 (14. Nxg4 $2 Bxg4 15. Bb2 Rd2 $19) 14... Nxe5 $19 (14... Bxe5 $2 15. Rad1 $19)) 13... e4 14. Nd4 c5 15. Nde2 Ne6 (15... Bg4 $11) 16. h4 (16. Bxe4 $2 Nxe4 17. Nxe4 Bxa1 $19) 16... Nc7 17. Ba3 (17. Bxe4 $2 Nxe4 18. Nxe4 Bxa1 $19) 17... Na6 18. Rad1 (18. Na4 $14) 18... Bg4 $11 19. Rxd8+ Rxd8 20. Nf4 {[%emt 0:00:32] Es drohte Rd3} Re8 (20... Bf3 $11) 21. Nb5 $36 {[%emt 0:04:25][%mdl 2048] Weiss kämpft um Vorteil.} Rd8 22. Bb2 Nb4 ({Besser ist} 22... Bf3 $1 $14) 23. Bxf6 $16 Bxf6 24. Bxe4 (24. Nxa7 Bf5 $11) 24... a6 25. Nc7 Be5 26. Ncd5 {[%emt 0:00:37] Nxb4 ist eine echte Drohung.} Nc6 27. Rb1 Kg7 28. Nd3 {[%emt 0:00:38] Ein dynamisches Springerpaar.} Bd6 {[%emt 0:00:02] [#]} 29. Ra1 $1 Re8 30. Bg2 Bf5 31. Ne1 Be5 32. Ra4 Nb4 33. Nxb4 $18 cxb4 34. Bxb7 (34. Rxb4 Bc3 35. Rxb7 Bxe1 $17) 34... Bc3 35. Kf1 Rd8 {[%emt 0:01:15] [#]} 36. Bd5 $1 (36. Bxa6 Be4 (36... Rd1 $2 37. Bb7 $18) 37. f3 Ba8 $19) 36... Rxd5 37. cxd5 {[%emt 0:00:10][%mdl 4096] Endspiel. Und f3 würde nun gewinnen. KRN-KB} Bd7 (37... Be4 $142 38. d6 Kf6) 38. Ra2 Bb5+ 39. Re2 $1 f5 {[%emt 0:00:41] [#]} (39... Kf6 $142 40. e4 Ke7) 40. f4 $1 Kf6 {[%emt 0:00:00] [#]} (40... Kf8 41. Kf2) 41. Kf2 $1 Bxe2 (41... Ke7 42. Rc2) 42. Kxe2 {[%emt 0:00:07] KB-KN} Ke7 43. Nf3 Kd6 44. Ng5 h6 45. Nf7+ Kxd5 46. Nxh6 Ke6 47. g4 Bf6 48. g5 Bd8 49. Kd3 (49. e4 $142 fxe4 50. Ke3 Bxa5 51. Kxe4) 49... Bxa5 50. e4 fxe4+ 51. Kxe4 Bd8 52. f5+ gxf5+ 53. Nxf5 {[%emt 0:00:05] Weiss droht Nd4+ und Matt.} a5 54. Nd4+ Kf7 55. Nc6 Bc7 56. h5 Kg7 57. Nd4 {[%emt 0:00:33] Weiss will mit Nf5+ Matt setzen.} Kh7 58. g6+ {[%emt 0:01:04] Gewichteter Fehlerwert: Weiß=0.04 (makellos) /Schwarz=0.26 (präzise) .  Fehler:       	Weiß=1     	Schwarz=6     Ungenau:       	Weiß=1     	Schwarz=1     OK:         	Weiß=13    	Schwarz=14    Bester:       	Weiß=9     	Schwarz=2     Stark:        	Weiß=3     	---} 1-0

[Event "Austrian Bundesliga 2023-24"]
[Site "Austria"]
[Date "2024.03.22"]
[Round "9.22"]
[White "Schreiner, Peter"]
[Black "Lanka, Zigurds"]
[Result "1/2-1/2"]
[ECO "A48"]
[WhiteElo "2400"]
[BlackElo "2357"]
[Annotator "TA"]
[PlyCount "39"]
[EventDate "2023.10.21"]
[EventType "team-tourn"]
[EventCountry "AUT"]
[SourceTitle "playchess.com"]
[Source "ChessBase"]
[SourceQuality "1"]
[TimeControl "40/5400+30:1800+30"]

1. d4 Nf6 2. Nf3 g6 3. c4 Bg7 4. g3 c5 5. Bg2 cxd4 6. Nxd4 O-O 7. Nc3 Qc7 8. Qa4 d6 9. O-O a6 {[%emt 0:06:28] Die Stellung ist ausgeglichen.} 10. Bg5 Nbd7 11. Rac1 Qc5 12. Nf3 h6 13. b4 {[%emt 0:13:29] Weiß steht aktiver.} (13. Be3 $16 Qh5 14. Qa3) 13... Qxc4 $11 14. Be3 e5 (14... Ng4 $11 15. Bd2 Qc7) 15. Rfd1 {[%emt 0:04:37][%mdl 1024] Weiss hat Kompensation.} Qe6 16. Nb5 {[%emt 0:02:33] [#] Nc7 ist eine echte Drohung.} Ne8 17. Nc3 Nef6 18. Nb5 {[%emt 0:00:28] Droht stark Nc7.} Ne8 19. Nc3 Nef6 20. Nb5 {[%emt 0:00:18] Gewichteter Fehlerwert: Weiß=0.17 (sehr präzise) /Schwarz=0.15 (sehr präzise) .  Fehler:       	Weiß=1     	Schwarz=1     Ungenau:       	Weiß=2     	---        OK:         	Weiß=5     	Schwarz=8} 1/2-1/2

[Event "Austrian Bundesliga 2023-24"]
[Site "Austria"]
[Date "2024.03.22"]
[Round "9.23"]
[White "Maiwald, Jens-Uwe"]
[Black "Dotzer, Lukas"]
[Result "1/2-1/2"]
[ECO "B20"]
[WhiteElo "2438"]
[BlackElo "2338"]
[Annotator "TA"]
[PlyCount "111"]
[EventDate "2023.10.21"]
[EventType "team-tourn"]
[EventCountry "AUT"]
[SourceTitle "playchess.com"]
[Source "ChessBase"]
[SourceQuality "1"]
[TimeControl "40/5400+30:1800+30"]

1. e4 c5 2. d3 d6 3. f4 g6 4. Nf3 Bg7 5. Be2 Nc6 6. O-O Nf6 {[%emt 0:05:03] B21: Sicilian: 2 f4 and Morra Gambit.} 7. Qe1 c4 8. Nc3 cxd3 9. Bxd3 O-O 10. Qh4 $146 ({Predecessor:} 10. Be3 Nb4 11. h3 d5 12. e5 Ne8 13. a3 Nxd3 14. cxd3 Nc7 15. Ne2 Qd7 16. Ned4 {1-0 Niedbala,B (1973)-Manko,M (1814) Krakow op-B 29th 2018 (5)}) 10... Bg4 11. f5 Bxf3 12. Rxf3 Qb6+ 13. Kh1 Ne5 14. Rh3 h5 15. Nd1 Nfg4 16. Bg5 Rfc8 17. Rg3 Nxd3 18. cxd3 Be5 19. fxg6 fxg6 20. Rxg4 (20. Rf3 Nxh2 (20... Bxb2 $2 21. Rb1 $18) (20... Bxh2 $2 21. Ne3 $18) 21. Rf2 Ng4) 20... hxg4 21. Qxg4 Rf8 (21... Bxb2 22. Rb1 (22. Be3 Qb4 $11) 22... Rf8 23. Ne3 $16 (23. Rxb2 $2 Rf1#) (23. Nxb2 Qxb2 24. Qe6+ Kg7 $17)) 22. Ne3 Qxb2 23. Rg1 Qf2 (23... Qxa2 $6 24. Bxe7 Kh7 25. Qh4+ Kg8 26. Qg4 $11) ({Better is} 23... Kg7 $17 {White must now prevent ...Bd4.} 24. Bxe7 Rf4) 24. Bh6 $11 Bg7 25. Bxg7 (25. Qxg6 Qf6 26. Qxf6 Rxf6 27. Bxg7 Kxg7 28. Nf5+ Kf7 $14) (25. Nd5 $1 $11 Qf7 (25... Bxh6 26. Qxg6+ Kh8 27. Qxh6+ Kg8 28. Nxe7+ Kf7 29. Nf5) 26. Bxg7 Kxg7 27. Nc7) 25... Kxg7 $17 26. Nf5+ {[%emt 0:00:07] [#]} Rxf5 ({Black should play} 26... Kf7 $1 $17 27. Ng3 Ke8 (27... Qxa2 $2 28. h3 $19)) 27. exf5 $15 Qxf5 (27... Qxa2 $2 28. Qxg6+ (28. fxg6 Qf2 $16) 28... Kf8 29. Qh6+ Kg8 30. f6 exf6 31. Qg6+ (31. Qxf6 Qf7 $18) 31... Kh8 32. Qxf6+ Kh7 33. Re1 $18 (33. Qxd6 Qf7 $18)) 28. Qe2 Qe5 29. Qf3 Rh8 30. h3 $1 Qf5 31. Qe2 e5 32. Rf1 Qe6 33. Qf2 b6 34. Qf3 d5 (34... Qxa2 35. Qf6+ Kh7 36. Rc1 (36. Qxd6 Qe2 $18) 36... Kh6 37. Qxh8+ (37. Qh4+ Kg7 $18) 37... Kg5 38. Qd8+ Kh6 39. Qf6 (39. Qxd6 Qf2 $18) (39. Qh4+ Kg7 $18)) 35. Rc1 Rf8 36. Qg3 Rf7 37. Re1 Re7 38. a4 e4 39. dxe4 dxe4 40. Qe3 Qe5 41. Kg1 Qb2 (41... Qd5 $15) 42. Rd1 Qb4 43. Qd4+ Qxd4+ 44. Rxd4 e3 45. Kf1 Kf6 46. Ke2 Kf5 47. h4 Re4 48. Rxe4 $1 Kxe4 49. g4 a6 (49... Kf4 $5 50. h5 $8 gxh5 (50... Kxg4 51. hxg6 Kg5 52. g7 Kf6 53. g8=Q Ke5 54. Qb8+ Kd5 55. Qxa7) 51. gxh5 Kg5 $11) 50. h5 gxh5 51. gxh5 Kf5 52. Kxe3 b5 53. axb5 axb5 54. Kd4 Kg5 55. Kc5 Kxh5 56. Kxb5 1/2-1/2